 Dungeon Crawl Stone Soup version 0.29.1 (webtiles) character file.

Game seed: 12287485518754588217

254 funnyparkerb the Cudgeller (level 6, -4/37 HPs)
             Began as a Gargoyle Fighter on Sept 12, 2022.
             Slain by a gnoll
             ... wielding a +0 halberd
              (9 damage)
             ... on level 4 of the Dungeon.
             The game lasted 00:05:14 (3404 turns).

funnyparkerb the Cudgeller (Gargoyle Fighter)       Turns: 3404, Time: 00:05:14

Health: -4/37      AC: 17    Str: 22    XL:     6   Next: 14%
Magic:  6/6        EV:  6    Int:  8    God:
Gold:   162        SH:  4    Dex:  9    Spells: 4/5 levels left

rFire   + . .      SeeInvis .   a - +0 flail (drain)
rCold   + . .      Faith    .   c - +0 buckler
rNeg    + . .      Spirit   .   g - +0 plate armour
rPois   ∞          Reflect  .   (no helmet)
rElec   +          Harm     .   l - +0 cloak
rCorr   +          Rampage  .   (no gloves)
Will    .....                   (no boots)
Stlth   ..........              (no amulet)
HPRegen 0.12/turn               (no ring)
MPRegen 0.10/turn               (no ring)

@: mighty, resistant
A: sickness immunity, AC +4, negative energy resistance 1, electricity
resistance, torment resistance 1, petrification resistance
a: no special abilities


You were on level 4 of the Dungeon.
You visited 1 branch of the dungeon, and saw 4 of its levels.

You collected 162 gold pieces.

Inventory:

Hand Weapons
 a - a +0 flail of draining (weapon)
Missiles
 t - 5 boomerangs (quivered)
Armour
 c - a +0 buckler (worn)
 g - a +0 plate armour (worn)
 l - a +0 cloak (worn)
Scrolls
 f - 6 scrolls of identify {unknown}
 h - a scroll of noise
 i - a scroll of teleportation {unknown}
 m - a scroll of brand weapon
 o - 2 scrolls of fog {unknown}
Potions
 b - a potion of attraction {unknown}
 j - a potion of invisibility {unknown}
 k - a potion of lignification {unknown}
 n - a potion of magic {unknown}
 p - a potion of cancellation
 q - a potion of brilliance {unknown}
 r - a potion of heal wounds {unknown}
 s - a potion of resistance
 u - a potion of haste {unknown}


   Skills:
 - Level 3.2 Fighting
 + Level 6.3 Maces & Flails
 - Level 3.2 Armour
 - Level 3.2 Shields


You had 4 spell levels left.
You knew the following spells:

 Your Spells              Type           Power      Damage    Failure   Level
a - Apportation           Tloc           0%         N/A       100%        1

Your spell library contained the following spells:

 Spells                   Type           Power      Damage    Failure   Level
 Blink                    Tloc           0%         N/A       100%        2
 Alistair's Intoxication  Tmut/Pois      0%         N/A       100%        5
 Manifold Assault         Tloc           0%         N/A       100%        5
 Storm Form               Tmut/Air       0%         N/A       100%        7


Dungeon Overview and Level Annotations

Branches:
Dungeon (4/15)
 Temple: D:4-7

Altars:

Annotations:
D:3 2 transporters


Innate Abilities, Weirdness & Mutations

You are immune to sickness and miasma.
Your stone body is resilient. (AC +4)
You are immune to poison.
You resist negative energy. (rN+)
You are resistant to electric shocks. (rElec)
You are resistant to unholy torment.
You are immune to petrification.


Message History

Things that are here:
a +0 dagger; a goblin corpse 2 gnolls come into view.
The gnoll shouts! x2; You hear a shout! x2
You closely miss the gnoll.
A gnoll comes into view. It is wielding a +0 whip.
The gnoll hits you with a +0 club. The gnoll hits you but does no damage.
You thump the gnoll! You drain the gnoll.
You kill the gnoll!
The gnoll hits you from afar with a +0 halberd!
A gnoll comes into view. It is wielding a +0 club.
The gnoll hits you but does no damage.
You see here a +0 club.
You barely miss the gnoll. The gnoll barely misses you. x2
The gnoll hits you but does no damage. The gnoll hits you with a +0 club.
You block the gnoll's attack. The gnoll hits you but does no damage.
You completely miss the gnoll. The gnoll hits you with a +0 halberd!
The gnoll hits you but does no damage. The gnoll barely misses you.
The gnoll attacks as you move away! The gnoll hits you with a +0 whip.
The gnoll attacks as you move away! You block the gnoll's attack.
The gnoll hits you from afar with a +0 halberd!
* * * LOW HITPOINT WARNING * * *
The gnoll attacks as you move away! The gnoll hits you with a +0 whip.
* * * LOW HITPOINT WARNING * * *
The gnoll attacks as you move away! The gnoll hits you with a +0 whip.
* * * LOW HITPOINT WARNING * * *
It was a potion of curing.
You feel better. You block the gnoll's attack.
It was a potion of cancellation.
You feel magically purged. The gnoll hits you with a +0 whip.
* * * LOW HITPOINT WARNING * * *
It was a potion of resistance.
You feel protected. You block the gnoll's attack.
The gnoll hits you with a +0 whip.
* * * LOW HITPOINT WARNING * * *
You feel better. The gnoll hits you but does no damage.
The gnoll hits you with a +0 whip.
* * * LOW HITPOINT WARNING * * *
You feel very mighty all of a sudden.
The gnoll hits you from afar with a +0 halberd!
You die...

#.##..##.....#
####.####
......##.....# #.##
#.##.###.....# #..#
#.##.###.....# ##.#
..........)# #.#
#.##.#####.# #.# #.##.#
#.##### #.# #....#
#.....#####.# ####.#
#......@gg..#####
#.#####..##.###g......#
# #...........#
#.#####.# #
###......#..# #.# .# #
##..####..# #g# .. ###
##.......# #.# .#
..#### #....#.##
#.##.##.# .>...#
#.†..#.# #.).....#
#.##.# #......#
##.....##


You could see 3 gnolls.

Vanquished Creatures
  Blork the orc (D:4)
  5 gnolls
  8 adders
  A worm (D:3)
  An orc (D:4)
  4 endoplasms
  3 giant cockroaches
  7 goblins
  5 hobgoblins
  6 quokkas
  6 ball pythons
  5 bats
  3 frilled lizards (D:1)
  6 kobolds
  10 rats
71 creatures vanquished.

Notes
Turn   | Place    | Note
-------+----------+-------------------------------------------
     0 | D:1      | funnyparkerb the Gargoyle Fighter began the quest for the
                  | Orb.
     0 | D:1      | Reached XP level 1. HP: 14/14 MP: 1/1
   204 | D:1      | Reached XP level 2. HP: 19/19 MP: 2/2
   332 | D:1      | Reached skill level 3 in Maces & Flails
   447 | D:1      | Found a faded altar of an unknown god.
   729 | D:2      | Learned a level 1 spell: Apportation
   792 | D:2      | Reached XP level 3. HP: 11/23 MP: 3/3
  1333 | D:2      | Reached skill level 4 in Maces & Flails
  1526 | D:3      | Reached XP level 4. HP: 23/28 MP: 4/4
  2040 | D:3      | Found a transporter.
  2072 | D:3      | Found a transporter.
  2372 | D:3      | Reached skill level 5 in Maces & Flails
  2489 | D:2      | Reached XP level 5. HP: 22/32 MP: 5/5
  3299 | D:4      | Noticed Blork the orc
  3304 | D:4      | Killed Blork the orc
  3305 | D:4      | Reached skill level 6 in Maces & Flails
  3305 | D:4      | Reached XP level 6. HP: 37/37 MP: 6/6
  3404 | D:4      | Slain by a gnoll

Illustrated notes

Levels and vault maps discovered:
D:1:      nicolae_arrival_somewhat_less_tricky_arrival, layout_rooms,
          ebering_ecumenical_altar_rust
D:2:      layout_basic, serial_rivers, chequers_serial_rivers_small_3,
          chequers_serial_rivers_micro_c, chequers_serial_rivers_micro_c,
          chequers_serial_rivers_micro_a, kennysheep_crisscross
D:3:      gammafunk_wand_slinger, layout_loops_corners
D:4:      layout_loops_cross, uniq_blork_the_orc

Skill      XL: |  1  2  3  4  5 |
---------------+----------------+-----
Maces & Flails | 3 4 5 6 |  6.3
Fighting       | |  3.2
Armour         | |  3.2
Shields        | |  3.2

Action                   |  1- 3 |  4- 6 || total
-------------------------+-------+-------++-------
Melee: Flail             |   128 |   132 ||   260
Throw: Boomerang         |       |     1 ||     1
  Use: Scroll            |       |     2 ||     2
       Potion            |       |     5 ||     5
Armor: Scale mail        |     7 |       ||     7
       Plate armour      |   101 |   107 ||   208
Dodge: Dodged            |    36 |    46 ||    82
Block: Buckler           |    34 |    31 ||    65
